 Dungeon Crawl Stone Soup version 0.22-a0-558-gc224181 (webtiles) character file.

49 iamserjio the Charlatan (level 3, -2/21 HPs)
             Began as an Octopode Artificer on June 27, 2018.
             Slain by a worm (10 damage)
             ... on level 2 of the Dungeon.
             The game lasted 00:01:59 (1790 turns).

iamserjio the Charlatan (Octopode Artificer)        Turns: 1790, Time: 00:02:00

Health: -2/21      AC:  1    Str: 11    XL:     3   Next: 77%
Magic:  5/5        EV: 14    Int: 14    God:
Gold:   0          SH:  0    Dex: 12    Spells: 2/2 levels left

rFire    . . .     SeeInvis +   a - +0 short sword
rCold    . . .     Gourm    .   (no shield)
rNeg     . . .     Faith    .   (helmet restricted)
rPois    .         Spirit   .   (no amulet)
rElec    .         Reflect  .   (no ring)
rCorr    .         Harm     .   (no ring)
MR       .....                  (no ring)
Stlth    +++.......             (no ring)
HPRegen  0.07/turn              (no ring)
MPRegen  0.09/turn              (no ring)
                                (no ring)
                                (no ring)

@: no status effects
A: almost no armour, stealthy swim, amphibious, 8 rings, constrict 8, camouflage
1, see invisible, frail 1, sense surroundings 1, gelatinous body 1
a: no special abilities


You were on level 2 of the Dungeon.
You were hungry.

You visited 1 branch of the dungeon, and saw 2 of its levels.

Inventory:

Hand Weapons
 a - a +0 short sword (weapon)
Missiles
 j - 8 poisoned needles
Wands
 b - a wand of flame (15)
 c - a wand of enslavement (15)
 d - a wand of random effects (15)
Scrolls
 e - a scroll of blinking {unknown}
 g - a scroll of identify {unknown}
 h - a scroll of magic mapping {unknown}
 i - a scroll of teleportation {unknown}
 n - a scroll of fog {unknown}
Potions
 k - a potion of lignification {unknown}
 m - a potion of resistance {unknown}
 o - 2 potions of mutation
Comestibles
 f - 2 rations


   Skills:
 + Level 1.7 Fighting
 - Level 1.0 Short Blades
 * Level 2.9 Dodging
 + Level 2.5 Stealth
 + Level 3.7 Evocations


You had 2 spell levels left.
You didn't know any spells.
Your spell library was empty.

Dungeon Overview and Level Annotations

Branches:
Dungeon (2/15)

Altars:
Wu Jian


Innate Abilities, Weirdness & Mutations

You cannot wear most types of armour.
You are very stealthy in the water. (Stealth+)
You are amphibious.
You can wear up to eight rings at the same time.
You can use your tentacles to constrict eight enemies at once.
Your skin changes colour to match your surroundings (Stealth+).
Your rubbery body absorbs attacks. (AC +1, EV +1)
You have supernaturally acute eyesight. (SInv)
You are frail. (-10% HP)
You passively map a small area around you.


Message History

You hit the goblin but do no damage. You grab the goblin.
You kill the goblin!
* * * LOW HITPOINT WARNING * * *
You feel sick.
* * * LOW HITPOINT WARNING * * *
You feel sick.
Things that are here:
a goblin corpse; a quokka corpse You feel better.
The helpless frilled lizard fails to defend itself.
You puncture the frilled lizard!
You kill the frilled lizard!
You barely miss the worm.
The kobold shouts!
Your grab misses the worm. The worm bites you!
The kobold throws a stone.
The stone closely misses you.
You hit the worm. You grab the worm.
The worm is moderately wounded.
You constrict the worm. The worm bites you!
You die...

#.# ########### #.#
####.........###..
#................#
#.####.####.......
#.##.....##.......
#.#.......#..#....
#w#...K...#.......
#@..S._...........
##.#.......#.......
#..#.......#..).#..
#..##.....##,.. * ,
#..####.####. ,
#...†........ *
#.#######.... #†#
.. . * #.. ,,,,,* *


You could see a worm, an adder and a kobold.

Vanquished Creatures
  A worker ant (D:2)
  2 leopard geckos (D:1)
  3 bats (D:1)
  A giant cockroach (D:1)
  6 goblins
  2 hobgoblins (D:1)
  A quokka (D:2)
  2 frilled lizards
  2 kobolds (D:1)
  3 rats
23 creatures vanquished.

Notes
Turn   | Place    | Note
-------+----------+-------------------------------------------
     0 | D:1      | iamserjio the Octopode Artificer began the quest for the Orb.
     0 | D:1      | Reached XP level 1. HP: 13/13 MP: 3/3
   719 | D:1      | Reached XP level 2. HP: 8/18 MP: 4/4
  1746 | D:2      | Gained mutation: You are frail. (-10% HP) [potion of mutation]
  1746 | D:2      | Gained mutation: You passively map a small area around you. [potion of mutation]
  1746 | D:2      | Gained mutation: You have supernaturally acute eyesight. (SInv) [potion of mutation]
  1755 | D:2      | Found an ornate altar of the Wu Jian Council.
  1770 | D:2      | Reached XP level 3. HP: 12/20 MP: 5/5
  1790 | D:2      | Slain by a worm

Vault maps used:
D:1:      nicolae_arrival_somewhat_less_tricky_arrival
D:2:      old_standard_altar

Skill      XL: |  1  2 |
---------------+-------+-----
Stealth        | 2 |  2.5
Fighting       | |  1.7
Short Blades   | |  1.0
Dodging        | |  2.9
Evocations     | |  3.7

Action                   || total
-------------------------++-------
Melee: Short sword       ||    62
       Constrict         ||    20
       Tentacles         ||    14
  Use: Potion            ||     3
 Stab: Sleeping          ||     2
  Eat: Chunk             ||     2
Armor: Skin              ||     6
Dodge: Dodged            ||    51

Table legend:
 A = Spawn XP
 B = Non-spawn XP
 C = Spawn XP percentage of total XP
 D = Spawn monster count
 E = Non-spawn monster count
 F = Spawn count percentage of total count
 G = Total turns spent on level
                    A         B        C        D         E        F      G
               +---------+---------+-------+---------+---------+-------+---------
         Total |       0 |      71 |   0.0 |       0 |      23 |   0.0 |  1790
               +---------+---------+-------+---------+---------+-------+---------
           D:1 |       0 |      30 |   0.0 |       0 |      17 |   0.0 |  1726
           D:2 |       0 |      41 |   0.0 |       0 |       6 |   0.0 |    64
               +---------+---------+-------+---------+---------+-------+---------
